 Dungeon Crawl Stone Soup version 0.31-a0-664-g902f515a81 (webtiles) character file.

Game seed: 4017577537617646259

85380 quinnr the Cloud Mage (level 15, -11/92 HPs)
             Began as a Tengu Air Elementalist on Sept 2, 2023.
             Was a High Priest of Vehumet.
             Mangled by a vault guard
             ... wielding a +0 glaive
              (16 damage)
             ... on level 14 of the Dungeon on Sept 3, 2023.
             The game lasted 01:16:38 (37593 turns).

quinnr the Cloud Mage (Tengu Air Elementalist)     Turns: 37593, Time: 01:16:39

Health: -11/92     AC:  5    Str:  5    XL:     15   Next: 83%
Magic:  5/30       EV: 22    Int: 22    God:    Vehumet [*****.]
Gold:   1117       SH:  0    Dex: 15    Spells: 0/34 levels left

rFire   + + +        r - +2 whip of Veom {freeze, rPois rF+++ Str-4 SInv}
rCold   + + .        (no shield)
rNeg    . . .        K - +1 robe of Sloth {rPois rC+ Will+}
rPois   +            (helmet restricted)
rElec   .            A - +0 cloak
rCorr   .            S - +0 pair of gloves {infuse}
SInv    +            (boots unavailable)
Will    ++...        f - amulet of faith {!P}
Stlth   ++++         C - ring of protection from cold
HPRegen 0.35/turn    P - ring of poison resistance
MPRegen 0.22/turn

%: acrobat, faith, infuse magic (1 MP)
@: flying, studying Conjurations
A: beak, talons 3, evasive flight, acrobatic
a: Renounce Religion


You were on level 14 of the Dungeon.
You worshipped Vehumet.
Vehumet was extremely pleased with you.
You visited 3 branches of the dungeon, and saw 20 of its levels.
You also visited: Bailey.

You collected 1327 gold pieces.
You spent 210 gold pieces at shops.


Innate Abilities, Weirdness & Mutations

You have a beak for a mouth.
You have claws for feet.
Your magical flight helps you evade attacks. (EV +4)
You can magically evade attacks while moving or waiting.


   Skills:
 - Level 10.0 Fighting
 - Level 3.0 Armour
 - Level 12.0 Dodging
 - Level 9.0 Stealth
 - Level 10.0 Spellcasting
 - Level 14.0 Conjurations
 + Level 4.8 Fire Magic
 - Level 21.0 Air Magic
 - Level 6.0 Poison Magic
 - Level 4.0 Evocations


You couldn't memorise any spells.
You knew the following spells:

 Your Spells              Type           Power      Damage    Failure   Level
a - Airstrike             Air            40%        2d(6-22)  0%          4
c - Mephitic Cloud        Conj/Pois/Air  63%        N/A       1%          3
i - Swiftness             Air            80%        N/A       0%          3
m - Maxwell's Capacitive  Air            40%        ∞         1%          8
s - Searing Ray           Conj           100%       2d8       1%          2
t - Static Discharge      Conj/Air       100%       2-7/arc   0%          2
z - Shock                 Conj/Air       100%       1d9       0%          1
X - Arcjolt               Conj/Air       36%        1d46      1%          5
Y - Plasma Beam           Fire/Air       30%        2x1d43    1%          6

Your spell library contained the following spells:

 Spells                   Type           Power      Damage    Failure   Level
 Freezing Cloud           Conj/Ice/Air   29%        6-21      1%          5
 Dazzling Flash           Conj/Hex       82%        N/A       1%          3
 Volatile Blastmotes      Fire/Tloc      42%        2d13      1%          3
 Fulminant Prism          Conj/Hex       20%        3d12      1%          4
 Iskenderun's Mystic Bla  Conj/Tloc      41%        2d9       1%          4
 Sticky Flame             Conj/Fire      51%        2d7       1%          4
 Fireball                 Conj/Fire      25%        3d11      1%          5
 Starburst                Conj/Fire      25%        6d8       5%          6
 Wereblood                Tmut           11%        N/A       9%          2
 Ozocubu's Armour         Ice            11%        N/A       19%         3
 Summon Ice Beast         Ice/Summ       11%        N/A       52%         4
 Eringya's Noxious Bog    Tmut/Pois      12%        4d6       54%         6
 Metabolic Englaciation   Hex/Ice        5%         N/A       86%         5
 Summon Mana Viper        Hex/Summ       11%        N/A       86%         5
 Simulacrum               Ice/Necr       5%         N/A       100%        6
 Monstrous Menagerie      Summ           5%         N/A       100%        7

Inventory:

Hand Weapons
 r - the +2 whip of Veom (weapon) {freeze, rPois rF+++ Str-4 SInv}
   (You found it on level 2 of the Dungeon)

   Str-4:     It affects your strength (-4).
   rF+++:     It renders you almost immune to fire.
   rPois:     It protects you from poison SInv: It lets you see invisible.
 u - the +7 flail "Biyrhyoc" {spect, Drain rC+ Str+4 Dex+2}
   (You found it on level 3 of the Dungeon)

   Str+4:     It affects your strength (+4).
   Dex+2:     It affects your dexterity (+2).
   rC+:       It protects you from cold.
   Drain:     It drains your maximum health when unequipped.
 y - a +2 heavy dagger
Missiles
 Z - 4 throwing nets {=f}
Armour
 a - the +2 leather armour of the Skies Above {Str+5}
   (You bought it in a shop on level 6 of the Dungeon)

   Str+5:     It affects your strength (+5).
 A - a +0 cloak (worn)
 K - the +1 robe of Sloth (worn) {rPois rC+ Will+}
   (You found it on level 7 of the Dungeon)

   rC+:       It protects you from cold.
   rPois:     It protects you from poison Will+: It increases your willpower.
 N - a scarf of invisibility
 O - the +1 leather armour of the Many Beggars {Rampage Int+2 Stlth+}
   (You found it in a bailey)

   Int+2:     It affects your intelligence (+2).
   Rampage:   It bestows one free step when moving towards enemies.
   Stlth+:    It makes you more stealthy.
 R - a +2 robe of positive energy
 S - a +0 pair of gloves of infusion (worn)
Magical Staves
 Q - a staff of fire {!a}
 X - a staff of conjuration {!a}
Jewellery
 c - a ring of protection from cold
 f - an amulet of faith (around neck) {!P}
 q - an amulet of magic regeneration
 C - a ring of protection from cold (left hand)
 D - a +6 ring of dexterity
 F - a ring of protection from fire
 L - an amulet of faith {!P}
 P - a ring of poison resistance (right hand)
 Y - a ring of ice
Wands
 b - a wand of digging (3)
 o - a wand of roots (1)
 v - a wand of flame (43)
 w - a wand of mindburst (5)
 x - a wand of charming (16)
Scrolls
 g - 3 scrolls of vulnerability {unknown}
 i - 3 scrolls of immolation {unknown}
 k - 3 scrolls of enchant weapon {unknown}
 l - 2 scrolls of amnesia {unknown}
 s - a scroll of butterflies {unknown}
 t - 4 scrolls of fog {unknown}
 z - 3 scrolls of teleportation {@r2}
 E - a scroll of fear
 G - 5 scrolls of noise
 M - 4 scrolls of revelation
Potions
 d - a potion of heal wounds {@q2}
 e - a potion of cancellation
 j - 4 potions of brilliance
 n - a potion of degeneration
 p - 2 potions of lignification
 B - 3 potions of attraction
 H - 4 potions of curing {@q1}
 I - 6 potions of haste {unknown}
 T - a potion of mutation {unknown}
 U - 3 potions of enlightenment {unknown}
 V - a potion of invisibility
 W - a potion of resistance
Miscellaneous
 h - a box of beasts (inert)
 m - a phial of floods (inert)

Dungeon Overview and Level Annotations

Branches:
Dungeon (14/15)            Temple (1/1) D:5            Lair (5/5) D:11
 Shoals (0/4) Lair:2       Spider (0/4) Lair:3        Slime (0/5) Lair:5
    Orc (0/2) D:9          Vaults (0/5) D:14         Bailey (visited)

Altars:
Ashenzari
Cheibriados
Dithmenos
Elyvilon
Fedhas
Gozag
Hepliaklqana
Kikubaaqudgha
Makhleb
Nemelex Xobeh
Okawaru
Qazlal
Ru
Sif Muna
Trog
Uskayaw
Vehumet
Wu Jian
Xom
Yredelemnul
Zin
The Shining One

Shops:
D:1 *[((=   D:6 [   D:9 [

Annotations:
Lair:1 3 runed translucent doors, Palms's ghost, journeyman DrFE

*,*,******#............,,+.......
*,*,* ####..#######**#.....).
*,*,* ##.o# #...[... *,*,* ##o#
####'### *,,,* #.# ##.# **+** #o#
#..# *,,* #p# #####'#### *+****
######.#######......... ,,,,,*
#######@#######......... ,,,,,*
#######'#######......... ,,,,,*
###..........##......>..
,,,,,****###.....................
,,,,,+,,,..+...........#.........
,,,,,****###...........#.........
****** ###...........##########
###....<.....### ################


You could see a vault guard, an orc warrior and 2 orcs.


Message History

The grasping roots constrict the vault guard.
You hear a shout!
The vault guard hits you from afar with a +0 glaive!!
* * * LOW HITPOINT WARNING * * *
Unknown command.
Unknown command.
You start to feel a little faster.
The grasping roots constrict the vault guard, but do no damage.
The vault guard struggles to escape constriction.
The vault guard escapes!
The vault guard attacks as it pursues you!
The vault guard barely misses you.
Aiming: Fastroot
Press: ? - help, Shift-Dir - straight line, f/p - vault guard
Aim: a vault guard, wielding a +0 glaive and wearing a +0 plate armour (heavily wounded)
The roots erupt in riotous growth!
Roots grab the vault guard.
Roots grab the orc warrior.
The grasping roots constrict the orc warrior.
The grasping roots constrict the vault guard.
The vault guard closely misses you.
Unknown command.
The grasping roots constrict the orc warrior.
The grasping roots constrict the vault guard!
The roots release their grip on the orc warrior.
The vault guard struggles to escape constriction.
The vault guard escapes!
You reach down and open the door.
You no longer feel sluggish.
The vault guard hits you from afar with a +0 glaive!
You die...

Skill      XL: |  1  2  3  4  5  6  7  8  9 10 11 12 13 14 15 |
---------------+----------------------------------------------+-----
Air Magic      | 5 6 9 10 12 14 16 17 20 21 | 21.0
Fighting       | 1 2 4 5 9 10 | 10.0
Conjurations   | 2 5 7 9 11 14 | 14.0
Spellcasting   | 3 4 6 7 8 10 | 10.0
Armour         | 3 |  3.0
Evocations     | 3 4 |  4.0
Dodging        | 5 9 12 | 12.0
Poison Magic   | 4 6 |  6.0
Stealth        | 6 9 |  9.0
Fire Magic     | 4 |  4.8

Action                     |  1- 3 |  4- 6 |  7- 9 | 10-12 | 13-15 || total
---------------------------+-------+-------+-------+-------+-------++-------
  Melee: Unarmed           |     7 |       |       |       |       ||     7
         Peck              |     3 |     2 |     1 |    12 |    34 ||    52
         Kick              |     2 |     2 |       |    24 |    51 ||    79
         Punch             |     1 |       |       |     1 |     1 ||     3
         Whip              |       |    10 |     2 |    47 |   111 ||   170
   Cast: Shock             |    77 |    95 |   185 |   251 |    60 ||   668
         Airstrike         |       |     6 |    29 |   199 |   388 ||   622
         Static Discharge  |       |     3 |    20 |    29 |    14 ||    66
         Swiftness         |       |       |     1 |     5 |    19 ||    25
         Maxwell's Capacit |       |       |       |     3 |    49 ||    52
         Mephitic Cloud    |       |       |       |     7 |    68 ||    75
         Searing Ray       |       |       |       |     1 |    10 ||    11
         Arcjolt           |       |       |       |       |    25 ||    25
         Plasma Beam       |       |       |       |       |    13 ||    13
  Evoke: Wand              |       |       |     4 |    13 |    21 ||    38
         Box of beasts     |       |       |       |     2 |     3 ||     5
         Phial of floods   |       |       |       |       |     1 ||     1
    Use: Scroll            |       |     4 |     6 |     3 |    14 ||    27
         Potion            |       |     1 |     3 |       |     8 ||    12
   Stab: Confused          |       |       |       |     5 |     5 ||    10
 Armour: Robe              |    12 |    12 |     5 |    81 |   286 ||   396
         Leather armour    |       |       |    31 |       |       ||    31
  Dodge: Dodged            |    22 |    36 |    81 |   143 |   563 ||   845

Levels and vault maps discovered:
D:1:      eino_arrival_cavern_d, layout_loops_ring, serial_shops,
          shop_fountains, nicolae_shop_back_alley_shop, shop,
          nicolae_shop_bloodbath_and_beyond, nicolae_shop_hallway_stairs,
          st_stairs_8, minivault_19, feat_on_display
D:2:      layout_basic, hellmonk_ecumenical_altar_lost_god,
          nicolae_figureground_sparkle
D:3:      layout_rooms, mainiacjoe_overflow_paths,
          chequers_serial_rivers_large_b, kennysheep_generic_room_6
D:4:      layout_gridville, uniq_eustachio, uniq_crazy_yiuf_cottage, uniq_pikel
D:5:      minmay_general_purpose_star, layout_loops_ring, lemuel_blue_sif_altar,
          mainiacjoe_overflow_concentric_impassable,
          minmay_temple_entry_from_below_a, st_stairs_5
D:6:      layout_loops_corners, nicolae_benzene_ring,
          nicolae_inconvenience_store
D:7:      nicolae_cairo_tiling_large_dashed, layout_loops_ring, uniq_duvessa,
          uniq_maggie
D:8:      cheibrodos_fertilizer, layout_basic, enter_bailey_1,
          hangedman_abyss_or_decor_stagger, due_unseen_surprise
D:9:      layout_loops_cross, david_orc_3, serial_shops, shop,
          uniq_prince_ribbit1
D:10:     layout_loops_corners, mainiacjoe_overflow_surrounded_room,
          uniq_harold, uniq_fannar
D:11:     minmay_inner_zag, layout_loops_ring, minmay_lair_entry_lava,
          serial_glass, glass_columns_b, glass_columns_a, glass_columns_c,
          glass_columns_c, glass_columns_b, glass_columns_a, minivault_11,
          uniq_amaemon
D:12:     layout_long_grid, uniq_josephine, uniq_jorgrun
D:13:     layout_irregular_city
D:14:     layout_roguey [special_room_orc], grunt_vaults_entry_fortified,
          bloody_trog, gauntlet_entry_generic, uniq_rupert
Temple:   mainiacjoe_temple_coin_purse
Lair:1:   layout_gridlike, gammafunk_ghost_split, dpeg_stationary_puzzle
Lair:2:   layout_regular_city, elwin_shoals_entry_rooms
Lair:3:   layout_misc_corridors, spider_nest_entry_rubble, basic_altar,
          infiniplex_staircase_pool
Lair:4:   layout_gridlike, hibernation_bobbens
Lair:5:   grunt_lair_end_beastmaster, layout_regular_city,
          nicolae_slime_entry_slimehenge, lemuel_fruit_fields,
          grunt_megastairs_3, uniq_sonja

Notes
Turn   | Place    | Note
-------+----------+-------------------------------------------
     0 | D:1      | quinnr the Tengu Air Elementalist began the quest for the
                  | Orb.
     0 | D:1      | Reached XP level 1. HP: 10/10 MP: 4/4
   230 | D:1      | Reached XP level 2. HP: 10/15 MP: 0/6
   374 | D:1      | Reached skill level 5 in Air Magic
   501 | D:1      | Found Woploe's Jewellery Emporium.
   565 | D:1      | Found Jiunn's General Store.
   582 | D:1      | Bought a scroll of identify for 28 gold pieces
   685 | D:1      | Found Ysmaam's Armour Boutique.
   840 | D:1      | Found Mok Pig's Weapon Shoppe.
  1003 | D:1      | Reached XP level 3. HP: 19/19 MP: 0/7
  1107 | D:1      | Found Noustion's Antique Weapon Boutique.
  1181 | D:2      | Found a faded altar of an unknown god.
  1375 | D:2      | Identified the +2 whip of Veom {freeze, rPois rF+++ Str-4
                  | SInv}
  1534 | D:2      | Reached skill level 6 in Air Magic
  1748 | D:2      | Reached skill level 1 in Fighting
  1814 | D:2      | Reached XP level 4. HP: 25/25 MP: 4/8
  2220 | D:3      | Identified the +7 flail "Biyrhyoc" {spect, Drain rC+ Str+4
                  | Dex+2}
  2474 | D:3      | Learned a level 2 spell: Static Discharge
  2479 | D:3      | Learned a level 4 spell: Airstrike
  2567 | D:3      | Found a basalt altar of Yredelemnul.
  2887 | D:4      | Noticed Pikel
  2887 | D:4      | Noticed a lemure
  2887 | D:4      | Noticed a lemure
  2887 | D:4      | Noticed a lemure
  2888 | D:4      | Noticed a lemure
  2943 | D:4      | Reached skill level 2 in Fighting
  2943 | D:4      | Reached skill level 2 in Conjurations
  3118 | D:4      | Noticed Eustachio
  3248 | D:4      | Reached XP level 5. HP: 30/30 MP: 7/9
  3394 | D:4      | Reached skill level 3 in Conjurations
  3457 | D:4      | Killed a lemure
  3524 | D:3      | Killed a lemure
  3648 | D:3      | Reached skill level 4 in Conjurations
  3910 | D:4      | Killed a lemure
  3979 | D:4      | Killed Pikel
  3980 | D:4      | Reached skill level 3 in Spellcasting
  3980 | D:4      | Reached skill level 5 in Conjurations
  3980 | D:4      | Reached skill level 9 in Air Magic
  3980 | D:4      | Reached XP level 6. HP: 35/35 MP: 2/11
  3980 | D:4      | Gained mutation: Your magical flight helps you evade
                  | attacks. (EV +4) [Tengu growth]
  3980 | D:4      | Reached XP level 7. HP: 40/40 MP: 2/12
  4252 | D:4      | Found a runed translucent door.
  4253 | D:4      | Noticed Crazy Yiuf
  4570 | D:4      | Killed Crazy Yiuf
  4571 | D:4      | Reached skill level 10 in Air Magic
  4678 | D:4      | Killed Eustachio
  4679 | D:4      | Reached XP level 8. HP: 44/44 MP: 0/13
  4802 | D:5      | Entered Level 5 of the Dungeon
  4837 | D:5      | Reached skill level 11 in Air Magic
  5168 | D:5      | Reached skill level 3 in Fighting
  5470 | D:5      | Found a shimmering blue altar of Sif Muna.
  5503 | D:5      | Found a hide-covered altar of Uskayaw.
  6218 | D:6      | Found Qiucatul's Antique Armour Shop.
  6543 | D:6      | Bought a smoking leather armour for 182 gold pieces
  6543 | D:6      | Identified the +2 leather armour of the Skies Above {Str+5}
                  | (You bought it in a shop on level 6 of the Dungeon)
  6796 | D:6      | Noticed a yak
  6830 | D:6      | Killed a yak
  6831 | D:6      | Reached skill level 2 in Armour
  6831 | D:6      | Reached skill level 12 in Air Magic
  6905 | D:6      | Noticed a yak
  6906 | D:6      | Noticed a yak
  6907 | D:6      | Noticed a yak
  6939 | D:6      | Killed a yak
  6940 | D:6      | Reached skill level 3 in Armour
  6946 | D:6      | Noticed a yak
  7272 | D:6      | Noticed a yak
  7281 | D:6      | Killed a yak
  7283 | D:6      | Killed a yak
  7284 | D:6      | Reached skill level 4 in Fighting
  7284 | D:6      | Reached skill level 4 in Spellcasting
  7284 | D:6      | Reached XP level 9. HP: 42/52 MP: 1/16
  7469 | D:5      | Found a staircase to the Ecumenical Temple.
  7473 | Temple   | Entered the Ecumenical Temple
  7491 | Temple   | Became a worshipper of Vehumet
  7581 | D:7      | Noticed Duvessa
  7586 | D:7      | Noticed Dowan
  7781 | D:7      | Noticed Maggie
  7790 | D:7      | Killed Maggie
  7791 | D:7      | Reached skill level 5 in Fighting
  7791 | D:7      | Reached skill level 5 in Spellcasting
  7791 | D:7      | Reached skill level 6 in Conjurations
  7934 | D:7      | Reached skill level 7 in Conjurations
  7938 | D:7      | Learned a level 3 spell: Swiftness
  7947 | D:7      | Learned a level 8 spell: Maxwell's Capacitive Coupling
  7977 | D:7      | Killed Dowan
  7992 | D:7      | HP: 3/54 [Duvessa/+0 short sword (9)]
  7996 | D:7      | Killed Duvessa
  8404 | D:7      | Reached skill level 1 in Evocations
  8463 | D:7      | Reached * piety under Vehumet
  8463 | D:7      | Offered knowledge of Sandblast by Vehumet.
  8467 | D:7      | Reached skill level 6 in Spellcasting
  8472 | D:7      | Reached skill level 2 in Evocations
  8938 | D:7      | Identified the +1 robe of Sloth {rPois rC+ Will+}
  9203 | D:8      | Reached skill level 3 in Evocations
  9233 | D:8      | Found a flagged portal.
  9252 | Bailey   | Entered a bailey
  9675 | Bailey   | Reached XP level 10. HP: 59/59 MP: 8/21
  9676 | Bailey   | Reached ** piety under Vehumet
  9676 | Bailey   | Offered knowledge of Searing Ray by Vehumet.
  9760 | Bailey   | Learned a level 2 spell: Searing Ray
  9877 | Bailey   | Reached skill level 4 in Evocations
 10055 | Bailey   | Noticed a gargoyle
 10058 | Bailey   | Killed a gargoyle
 10059 | Bailey   | Reached skill level 7 in Spellcasting
 10059 | Bailey   | Reached skill level 8 in Conjurations
 10144 | Bailey   | Identified the +4 scimitar of Hubris {elec, Contam rElec
                  | rF+ rC+ Stlth+}
 10333 | Bailey   | Identified the +1 leather armour of the Many Beggars
                  | {Rampage Int+2 Stlth+}
 10813 | D:8      | Reached skill level 9 in Conjurations
 11008 | D:8      | Offered knowledge of Mephitic Cloud by Vehumet.
 11099 | D:8      | Reached skill level 13 in Air Magic
 11103 | D:8      | Learned a level 3 spell: Mephitic Cloud
 11244 | D:8      | Reached *** piety under Vehumet
 12053 | D:8      | Offered knowledge of Flame Wave by Vehumet.
 12062 | D:8      | Reached skill level 14 in Air Magic
 12413 | D:9      | Noticed Prince Ribbit
 12415 | D:9      | Killed Prince Ribbit
 12421 | D:9      | Reached skill level 3 in Dodging
 12651 | D:9      | Reached skill level 4 in Dodging
 12693 | D:9      | Noticed a two-headed ogre
 12707 | D:9      | Killed a two-headed ogre
 12708 | D:9      | Reached skill level 5 in Dodging
 12708 | D:9      | Reached XP level 11. HP: 63/63 MP: 1/22
 12713 | D:9      | Reached **** piety under Vehumet
 12786 | D:8      | Reached skill level 15 in Air Magic
 13009 | D:9      | Offered knowledge of Iskenderun's Mystic Blast by Vehumet.
 13065 | D:9      | Found Toacluja's Antique Armour Emporium.
 13069 | D:9      | Identified the +8 hand axe of the Shrinking Seer {flame,
                  | Str+6}
 13168 | D:9      | Identified the +5 ring mail of Tomorrow {rF+ Dex+7}
 13213 | D:9      | Found a staircase to the Orcish Mines.
 13337 | D:9      | Reached skill level 6 in Dodging
 13940 | D:10     | Entered Level 10 of the Dungeon
 13987 | D:10     | Noticed a manticore
 13996 | D:10     | Killed a manticore
 13997 | D:10     | Reached skill level 7 in Dodging
 14093 | D:10     | Found a glowing silver altar of Zin.
 14170 | D:10     | Noticed Fannar
 14179 | D:10     | Killed Fannar
 14737 | D:10     | Identified the +0 ring mail of Howling Wind {*Slow Str+9}
 14918 | D:10     | Reached skill level 8 in Dodging
 15065 | D:10     | Reached skill level 1 in Poison Magic
 15070 | D:10     | Noticed Harold
 15209 | D:10     | Killed Harold
 15757 | D:11     | Reached skill level 2 in Poison Magic
 15814 | D:11     | Noticed a manticore
 15822 | D:11     | Killed a manticore
 15982 | D:11     | Noticed a fire crab
 15995 | D:11     | Noticed a two-headed ogre
 15996 | D:11     | Killed a fire crab
 15997 | D:11     | Reached skill level 9 in Dodging
 15997 | D:11     | Reached skill level 16 in Air Magic
 15997 | D:11     | Reached skill level 3 in Poison Magic
 15998 | D:11     | Killed a two-headed ogre
 15999 | D:11     | Reached skill level 4 in Poison Magic
 15999 | D:11     | Reached XP level 12. HP: 59/68 MP: 9/23
 16078 | D:11     | Found a staircase to the Lair.
 16340 | D:11     | Noticed a two-headed ogre
 16343 | D:11     | Killed a two-headed ogre
 16344 | D:11     | Reached skill level 5 in Poison Magic
 16344 | D:11     | Noticed Amaemon
 16785 | D:11     | Reached skill level 6 in Poison Magic
 16789 | D:11     | Reached ***** piety under Vehumet
 16789 | D:11     | Offered knowledge of Fireball by Vehumet.
 16930 | Lair:1   | Entered Level 1 of the Lair of Beasts
 16936 | Lair:1   | Reached skill level 10 in Conjurations
 17302 | Lair:1   | Reached skill level 11 in Conjurations
 17607 | Lair:1   | Noticed Palms's ghost (journeyman DrFE)
 17658 | Lair:1   | Found a runed translucent gate.
 17658 | Lair:1   | Found a runed translucent gate.
 17659 | Lair:1   | Found a runed translucent gate.
 18384 | Lair:2   | Reached skill level 8 in Spellcasting
 18635 | Lair:2   | Reached skill level 6 in Fighting
 18980 | Lair:2   | Reached skill level 7 in Fighting
 19259 | Lair:2   | Found a staircase to the Shoals.
 19482 | Lair:2   | Reached skill level 8 in Fighting
 19907 | Lair:3   | Found a hole to the Spider Nest.
 19995 | Lair:3   | Reached skill level 9 in Fighting
 20126 | Lair:3   | Noticed a five-headed hydra
 20131 | Lair:3   | Killed a five-headed hydra
 20132 | Lair:3   | Reached XP level 13. HP: 80/80 MP: 18/26
 20325 | Lair:3   | Found a stormy altar of Qazlal.
 20517 | Lair:3   | Reached skill level 10 in Fighting
 21660 | Lair:4   | Reached skill level 9 in Spellcasting
 22894 | Lair:5   | Entered Level 5 of the Lair of Beasts
 23195 | Lair:4   | Reached skill level 3 in Stealth
 24350 | Lair:3   | Found a stormy altar of Qazlal.
 24471 | Lair:3   | Found a hole to the Spider Nest.
 24512 | Lair:3   | Reached skill level 4 in Stealth
 24980 | Lair:5   | HP: 7/82 [four-headed hydra (7)]
 25017 | Lair:5   | Reached skill level 10 in Spellcasting
 25168 | Lair:4   | Reached skill level 5 in Stealth
 25441 | Lair:4   | Reached skill level 17 in Air Magic
 26118 | Lair:5   | Found a staircase to the Slime Pits.
 26137 | Lair:5   | HP: 7/82 [elephant (4)]
 26160 | Lair:4   | Reached skill level 6 in Stealth
 26531 | Lair:4   | Reached XP level 14. HP: 88/88 MP: 12/29
 27205 | Lair:4   | Reached skill level 7 in Stealth
 28543 | Lair:4   | Offered knowledge of Arcjolt by Vehumet.
 28544 | Lair:4   | Reached skill level 18 in Air Magic
 28559 | Lair:4   | Learned a level 5 spell: Arcjolt
 29121 | Lair:4   | Reached skill level 8 in Stealth
 30038 | Lair:5   | Noticed Sonja
 30211 | Lair:5   | Killed Sonja
 30247 | Lair:5   | Reached skill level 9 in Stealth
 30487 | Lair:5   | Offered knowledge of Eringya's Noxious Bog by Vehumet.
 30884 | Lair:5   | Reached skill level 19 in Air Magic
 32204 | Lair:5   | Reached skill level 20 in Air Magic
 32238 | Lair:5   | Found the +9 sword of Power {lifebolt}
 32496 | D:11     | Killed Amaemon
 33505 | D:12     | Reached XP level 15. HP: 92/92 MP: 21/30
 33734 | D:12     | Reached skill level 21 in Air Magic
 34609 | D:13     | Reached skill level 12 in Conjurations
 35002 | D:13     | Reached skill level 13 in Conjurations
 35015 | D:13     | Reached skill level 10 in Dodging
 35350 | D:12     | Offered knowledge of Yara's Violent Unravelling by Vehumet.
 35409 | D:12     | Noticed Jorgrun
 35603 | D:12     | Killed Jorgrun
 35662 | D:12     | Reached skill level 14 in Conjurations
 35694 | D:12     | Noticed Josephine
 35970 | D:12     | Killed Josephine
 35972 | D:12     | Reached skill level 11 in Dodging
 36558 | D:12     | Identified 2 scrolls of acquirement
 36559 | D:12     | Identified a potion of resistance
 36561 | D:12     | Acquired a +0 pair of gloves of infusion
 36569 | D:12     | Acquired the Atlas of the Forsaken Deaths
 36578 | D:12     | Learned a level 6 spell: Plasma Beam
 36676 | D:13     | Reached skill level 1 in Fire Magic
 36742 | D:13     | Reached skill level 2 in Fire Magic
 37211 | D:14     | Reached skill level 3 in Fire Magic
 37503 | D:14     | Reached skill level 12 in Dodging
 37513 | D:14     | Found a gate to the Vaults.
 37563 | D:14     | Reached skill level 4 in Fire Magic
 37573 | D:14     | HP: 4/92 [vampire mosquito (6)]
 37576 | D:14     | Offered knowledge of Freezing Cloud by Vehumet.
 37588 | D:14     | HP: 3/92 [vault guard/+0 glaive (18)]
 37593 | D:14     | Mangled by a vault guard

Vanquished Creatures
  Jorgrun (D:12)
  Josephine (D:12)
  Fannar (D:10)
  3 vault guards (D:14)
  Harold (D:10)
  2 catoblepae
  4 hydras
  2 boulder beetles
  2 two-headed ogres (D:11)
  14 death yaks
  A deep troll shaman (Lair:5)
  A tengu warrior (D:13)
  Sonja (Lair:5)
  Amaemon (D:11)
  A deep elf knight (D:14)
  A fire crab (shapeshifter) (D:14)
  8 skeletal warriors
  A skyshark (Lair:5)
  A fire crab (D:11)
  Pikel (D:4)
  An orc knight (D:14)
  3 lindwurms
  3 deep elf pyromancers
  An oklob plant (Lair:1)
  4 manticores
  5 ugly things
  4 cyclopes (D:12)
  23 elephants
  4 black mambas
  10 cane toads
  2 merfolk sirens (Lair:2)
  A torpor snail (Lair:2)
  Maggie (D:7)
  2 gargoyles
  An orange demon (D:11)
  An efreet (D:14)
  9 komodo dragons
  A yaktaur (D:14)
  3 kobold demonologists (D:12)
  3 tengu conjurers (D:14)
  3 trolls
  2 polar bears (Lair:5)
  10 dream sheep
  14 blink frogs
  Prince Ribbit (D:9)
  15 slime creatures
  A vampire (Bailey)
  A shadow (D:10)
  Eustachio (D:4)
  3 wyverns
  7 wraiths
  50 yaks
  4 basilisks
  A redback (Lair:3)
  7 vampire mosquitoes
  A warg (D:9)
  Duvessa (D:7)
  16 water moccasins
  An acid dragon (D:11)
  A sky beast (D:7)
  3 orc warriors
  3 black bears
  An ice beast (D:7)
  22 wolves
  A centaur (D:9)
  3 lemures
  A phantom (D:7)
  8 bullfrogs
  8 kobold brigands
  2 gnoll sergeants
  4 scorpions
  9 wights
  Dowan (D:7)
  14 killer bees
  8 vampire bats (Bailey)
  6 howler monkeys
  5 wolf zombies (Bailey)
  Crazy Yiuf (D:4)
  2 hounds
  5 jellies
  7 orc priests
  A sleepcap (D:6)
  3 iguanas
  13 orc wizards
  15 gnolls
  9 adders
  A shadow imp (D:8)
  2 white imps
  2 ufetubi
  A worm (D:4)
  A dart slug (D:1)
  45 orcs
  10 ball pythons
  15 endoplasms
  4 giant cockroaches
  6 goblins
  9 hobgoblins
  4 jackals (D:1)
  8 quokkas
  3 bats
  3 frilled lizards
  18 kobolds
  16 orc zombies (Bailey)
  6 rats
579 creatures vanquished.

Vanquished Creatures (collateral kills)
  A two-headed ogre (D:9)
  A tengu warrior (D:13)
  A deep elf pyromancer (D:13)
  An elephant (Lair:4)
  A komodo dragon (Lair:5)
  A dream sheep (Lair:4)
  3 vampire mosquitoes (D:13)
  An acid dragon (D:11)
  A wolf (Lair:5)
  A killer bee (D:9)
  A kobold (D:9)
13 creatures vanquished.

Vanquished Creatures (others)
  A vampire mosquito (D:11)
  An orc warrior (D:14)
  An orc wizard (D:10)
3 creatures vanquished.

Grand Total: 595 creatures vanquished

Table legend: (Time is in decaauts)
 A = Elapsed time spent in this place.
 B = Non-inter-level travel time spent in this place.
 C = Inter-level travel time spent in this place.
 D = Time resting spent in this place.
 E = Time spent auto-exploring this place.
 F = Levels seen in this place.
 G = Mean time per level.
                   A        B        C        D        E       F      G
               +--------+--------+--------+--------+--------+-----+--------+
         Total |  37659 |  35930 |   1729 |   8534 |  21191 |  21 | 1793.3 |
       Dungeon |  20785 |  19970 |    815 |   3440 |  12916 |  14 | 1484.6 |
        Temple |     35 |     10 |     25 |      0 |      0 |   1 |   35.0 |
          Lair |  15603 |  14714 |    889 |   4880 |   7559 |   5 | 3120.6 |
        Bailey |   1235 |   1235 |      0 |    214 |    716 |   1 | 1235.0 |
               +--------+--------+--------+--------+--------+-----+--------+

Top non-repeatable levels by time:
  Lair:4: 6521 daAuts
  Lair:3: 3056 daAuts
  Lair:5: 2575 daAuts
    D:11: 2423 daAuts
     D:8: 2357 daAuts
  Lair:2: 2122 daAuts
    D:10: 2024 daAuts
     D:6: 1720 daAuts
     D:4: 1624 daAuts
    D:12: 1540 daAuts
    D:13: 1498 daAuts
     D:7: 1469 daAuts
  Lair:1: 1328 daAuts
     D:5: 1258 daAuts
  Bailey: 1235 daAuts

Table legend:
 A = Non-vault XP
 B = Vault XP
 C = Vault XP percentage of total XP
 D = Non-vault monster count
 E = Vault monster count
 F = Vault count percentage of total count
                 A         B        C        D         E       F
            +---------+---------+-------+---------+---------+-------
      Total |   88820 |   33152 |  27.2 |     453 |     137 |  23.2
            +---------+---------+-------+---------+---------+-------
        D:1 |      32 |       2 |   5.9 |      17 |       2 |  10.5
        D:2 |      53 |       0 |   0.0 |      18 |       0 |   0.0
        D:3 |      64 |       2 |   3.0 |      16 |       2 |  11.1
        D:4 |     184 |     915 |  83.3 |      24 |       3 |  11.1
        D:5 |     114 |     245 |  68.2 |       8 |       6 |  42.9
        D:6 |     943 |       0 |   0.0 |       8 |       0 |   0.0
        D:7 |    1124 |     628 |  35.8 |      28 |       3 |   9.7
        D:8 |    2076 |     530 |  20.3 |      31 |      16 |  34.0
        D:9 |    3181 |     562 |  15.0 |      26 |       7 |  21.2
       D:10 |    2135 |    1749 |  45.0 |      27 |       2 |   6.9
       D:11 |    5258 |    3357 |  39.0 |      31 |       8 |  20.5
       D:12 |   10818 |    3436 |  24.1 |      30 |       5 |  14.3
       D:13 |   12152 |       0 |   0.0 |      32 |       0 |   0.0
       D:14 |    3571 |    5515 |  60.7 |      13 |      14 |  51.9
     Lair:1 |    2986 |     550 |  15.6 |      14 |       1 |   6.7
     Lair:2 |    5037 |     893 |  15.1 |      22 |       2 |   8.3
     Lair:3 |    8573 |     181 |   2.1 |      21 |       1 |   4.5
     Lair:4 |   22710 |    1890 |   7.7 |      58 |       7 |  10.8
     Lair:5 |    7809 |   11259 |  59.0 |      29 |      27 |  48.2
     Bailey |       0 |    1438 | 100.0 |       0 |      31 | 100.0
            +---------+---------+-------+---------+---------+-------

Levels and vault maps discovered:
D:1:      eino_arrival_cavern_d, layout_loops_ring, serial_shops,
          shop_fountains, nicolae_shop_back_alley_shop, shop,
          nicolae_shop_bloodbath_and_beyond, nicolae_shop_hallway_stairs,
          st_stairs_8, minivault_19, feat_on_display
D:2:      layout_basic, hellmonk_ecumenical_altar_lost_god,
          nicolae_figureground_sparkle
D:3:      layout_rooms, mainiacjoe_overflow_paths,
          chequers_serial_rivers_large_b, kennysheep_generic_room_6
D:4:      layout_gridville, uniq_eustachio, uniq_crazy_yiuf_cottage, uniq_pikel
D:5:      minmay_general_purpose_star, layout_loops_ring, lemuel_blue_sif_altar,
          mainiacjoe_overflow_concentric_impassable,
          minmay_temple_entry_from_below_a, st_stairs_5
D:6:      layout_loops_corners, nicolae_benzene_ring,
          nicolae_inconvenience_store
D:7:      nicolae_cairo_tiling_large_dashed, layout_loops_ring, uniq_duvessa,
          uniq_maggie
D:8:      cheibrodos_fertilizer, layout_basic, enter_bailey_1,
          hangedman_abyss_or_decor_stagger, due_unseen_surprise
D:9:      layout_loops_cross, david_orc_3, serial_shops, shop,
          uniq_prince_ribbit1
D:10:     layout_loops_corners, mainiacjoe_overflow_surrounded_room,
          uniq_harold, uniq_fannar
D:11:     minmay_inner_zag, layout_loops_ring, minmay_lair_entry_lava,
          serial_glass, glass_columns_b, glass_columns_a, glass_columns_c,
          glass_columns_c, glass_columns_b, glass_columns_a, minivault_11,
          uniq_amaemon
D:12:     layout_long_grid, uniq_josephine, uniq_jorgrun
D:13:     layout_irregular_city
D:14:     layout_roguey [special_room_orc], grunt_vaults_entry_fortified,
          bloody_trog, gauntlet_entry_generic, uniq_rupert
Temple:   mainiacjoe_temple_coin_purse
Lair:1:   layout_gridlike, gammafunk_ghost_split, dpeg_stationary_puzzle
Lair:2:   layout_regular_city, elwin_shoals_entry_rooms
Lair:3:   layout_misc_corridors, spider_nest_entry_rubble, basic_altar,
          infiniplex_staircase_pool
Lair:4:   layout_gridlike, hibernation_bobbens
Lair:5:   grunt_lair_end_beastmaster, layout_regular_city,
          nicolae_slime_entry_slimehenge, lemuel_fruit_fields,
          grunt_megastairs_3, uniq_sonja
